[Event "ICC Open 2015"]
[Site "Internet Chess Club"]
[Date "2015.05.29"]
[Round "10"]
[White "Sebs"]
[Black "Talion"]
[Result "1-0"]
[ICCResult "Black resigns"]
[WhiteElo "2942"]
[BlackElo "2916"]
[Opening "QGD Slav: 4.Nc3"]
[ECO "D15"]
[NIC "SL.03"]
[Time "15:52:14"]
[TimeControl "180+0"]

1. d4 d5 2. c4 c6 3. Nf3 Nf6 4. Nc3 a6 5. cxd5 cxd5 6. Bf4 e6 7. e3 Bd6 8.
Bxd6 Qxd6 9. Bd3 O-O 10. O-O Nc6 11. Na4 Bd7 12. Nc5 Rfb8 13. Rc1 Be8 14. a3
a5 15. Qc2 b6 16. Na4 Ne7 17. Nc3 b5 18. e4 dxe4 19. Nxe4 Nxe4 20. Bxe4 Ra7
21. Bxh7+ Kf8 22. Be4 f6 23. Qc5 Qxc5 24. Rxc5 b4 25. Rfc1 bxa3 26. bxa3 Rb3
27. R1c3 Rb2 28. g3 Bh5 29. Rxh5 {Black resigns} 1-0

[Event "ICC Open 2015"]
[Site "Internet Chess Club"]
[Date "2015.05.29"]
[Round "10"]
[White "Chisel"]
[Black "Chaos23"]
[Result "0-1"]
[ICCResult "White resigns"]
[WhiteElo "1746"]
[BlackElo "2070"]
[Opening "Sicilian: Kan, 5.Nc3"]
[ECO "B43"]
[NIC "SI.43"]
[Time "15:52:49"]
[TimeControl "180+0"]

1. e4 c5 2. Nf3 e6 3. Nc3 a6 4. d4 cxd4 5. Nxd4 b5 6. a3 Bb7 7. Bd3 Nf6 8.
e5 Nd5 9. O-O Nxc3 10. bxc3 Qc7 11. Qh5 g6 12. Qg4 Qxe5 13. Bf4 Qd5 14. Bxb5
axb5 15. Rad1 h5 16. Qg3 h4 17. Qg4 h3 18. f3 hxg2 19. Rfe1 Bc5 20. Re5
Bxd4+ 21. Rxd4 Qxf3 22. Qxf3 Bxf3 23. Rxb5 Nc6 24. Rb7 Nxd4 {White resigns}
0-1

[Event "ICC Open 2015"]
[Site "Internet Chess Club"]
[Date "2015.05.29"]
[Round "10"]
[White "ShadowLike"]
[Black "juniorVishy"]
[Result "1-0"]
[ICCResult "Black checkmated"]
[WhiteElo "2248"]
[BlackElo "1730"]
[Opening "Sicilian: Smith-Morra gambit"]
[ECO "B21"]
[NIC "SI.48"]
[Time "15:53:12"]
[TimeControl "180+0"]

1. e4 c5 2. d4 cxd4 3. c3 d5 4. Qxd4 dxe4 5. Qxe4 Nf6 6. Bb5+ Nbd7 7. Qe2 a6
8. Ba4 e6 9. Nf3 Be7 10. Bf4 O-O 11. O-O b5 12. Bc2 Bb7 13. Nbd2 Nd5 14. Bg3
N7b6 15. Nd4 Rc8 16. N2f3 Bd6 17. Ne5 f6 18. Nxe6 Qe7 19. Nxf8 Rxf8 20. Qh5
Bxe5 21. Bxh7+ Kh8 22. Bg6+ Kg8 23. Qh7# {Black checkmated} 1-0

[Event "ICC Open 2015"]
[Site "Internet Chess Club"]
[Date "2015.05.29"]
[Round "10"]
[White "ALexiz"]
[Black "ghorok"]
[Result "1/2-1/2"]
[ICCResult "Game drawn by mutual agreement"]
[WhiteElo "1772"]
[BlackElo "1657"]
[Opening "Queen's gambit declined"]
[ECO "E00"]
[NIC "QP.08"]
[Time "15:52:12"]
[TimeControl "180+0"]

1. d4 d5 2. c4 e6 3. g3 Nf6 4. Nf3 b6 5. Bg2 Bb7 6. Ne5 Nbd7 7. O-O Be7 8.
Nc3 O-O 9. b3 Rc8 10. Bb2 c5 11. e3 Qc7 12. Nb5 Qb8 13. f4 dxc4 14. bxc4
Bxg2 15. Kxg2 Qb7+ 16. Qf3 Qxf3+ 17. Kxf3 a6 18. Na7 Rc7 19. Nac6 Bd6 20.
dxc5 Bxc5 21. Bd4 Rfc8 22. Rab1 Rxc6 23. Nxc6 Rxc6 24. Rfd1 Bxd4 25. Rxd4
Kf8 {Game drawn by mutual agreement} 1/2-1/2

[Event "ICC Open 2015"]
[Site "Internet Chess Club"]
[Date "2015.05.29"]
[Round "10"]
[White "Attalus"]
[Black "RobbieWilliams"]
[Result "0-1"]
[ICCResult "White resigns"]
[WhiteElo "1382"]
[BlackElo "1725"]
[Opening "Queen's pawn, Mason variation"]
[ECO "D00"]
[NIC "QP.08"]
[Time "15:52:05"]
[TimeControl "180+0"]

1. d4 d5 2. Bf4 c6 3. Nf3 e6 4. e3 f5 5. Bd3 Nf6 6. Nbd2 Bd6 7. Bg5 O-O 8.
c3 Qe8 9. Qc2 Ne4 10. Bxe4 fxe4 11. Ne5 Nd7 12. Rf1 Nxe5 13. dxe5 Bxe5 14.
h4 b5 15. Nb3 h6 16. Bxh6 gxh6 17. g3 Qh5 18. Kd2 Rf3 19. Nd4 Bxd4 20. cxd4
Bd7 21. Qc5 Raf8 22. Qd6 Qf7 23. g4 Rxf2+ 24. Rxf2 Qxf2+ 25. Kc3 Qxe3+ 26.
Kb4 Qxd4+ 27. Ka5 Qb6+ 28. Kb4 c5+ 29. Kb3 Qxd6 {White resigns} 0-1

[Event "ICC Open 2015"]
[Site "Internet Chess Club"]
[Date "2015.05.29"]
[Round "10"]
[White "jugador"]
[Black "Ramanip15"]
[Result "0-1"]
[ICCResult "White resigns"]
[WhiteElo "1682"]
[BlackElo "1911"]
[Opening "Sicilian: dragon, Yugoslav attack, 9...Bd7"]
[ECO "B77"]
[NIC "SI.18"]
[Time "15:52:44"]
[TimeControl "180+0"]

1. e4 c5 2. Nf3 d6 3. d4 cxd4 4. Nxd4 Nf6 5. Nc3 g6 6. Be3 Bg7 7. f3 O-O 8.
Qd2 Nc6 9. Bc4 Bd7 10. h4 Rc8 11. Bb3 Ne5 12. h5 Nc4 13. Bxc4 Rxc4 14. hxg6
fxg6 15. O-O-O Qc7 16. Nde2 Rc8 17. g4 b5 18. g5 Nh5 19. Kb1 Be6 20. Nd4 Bf7
21. Ndxb5 Qb7 22. a4 a6 {White resigns} 0-1

[Event "ICC Open 2015"]
[Site "Internet Chess Club"]
[Date "2015.05.29"]
[Round "10"]
[White "vpeichev"]
[Black "Ohanessian"]
[Result "0-1"]
[ICCResult "White checkmated"]
[WhiteElo "1675"]
[BlackElo "2069"]
[Opening "Alekhine's defense: exchange variation"]
[ECO "B03"]
[NIC "AL.08"]
[Time "15:51:55"]
[TimeControl "180+0"]

1. e4 Nf6 2. e5 Nd5 3. d4 d6 4. c4 Nb6 5. exd6 cxd6 6. Nf3 g6 7. Nc3 Bg7 8.
Be3 O-O 9. Bd3 Bg4 10. O-O Nc6 11. d5 Bxf3 12. Qxf3 Ne5 13. Qe2 Nxd3 14.
Qxd3 Rc8 15. b3 Bxc3 16. Qxc3 Nxd5 17. Qd4 Nxe3 18. Qxe3 b6 19. a4 e6 20. a5
d5 21. axb6 axb6 22. cxd5 exd5 23. Ra6 d4 24. Qd2 d3 25. Rd1 Re8 26. g3 Re2
27. Qxd3 Re1+ 28. Rxe1 Qxd3 29. Rxb6 Qc3 30. Rd1 Re8 31. Rd7 Qe1+ 32. Kg2
Qe4+ 33. Kg1 Ra8 34. Rbb7 Ra1+ 35. Rd1 Rxd1# {White checkmated} 0-1

[Event "ICC Open 2015"]
[Site "Internet Chess Club"]
[Date "2015.05.29"]
[Round "10"]
[White "AAntonioEu"]
[Black "MasterZachary"]
[Result "0-1"]
[ICCResult "White checkmated"]
[WhiteElo "1936"]
[BlackElo "2183"]
[Opening "Ruy Lopez: exchange, Bronstein variation"]
[ECO "C68"]
[NIC "RL.08"]
[Time "15:51:23"]
[TimeControl "180+0"]

1. e4 e5 2. Nf3 Nc6 3. Bb5 a6 4. Bxc6 dxc6 5. O-O Qd6 6. d4 exd4 7. Qxd4 Bg4
8. Qxd6 cxd6 9. c4 Bxf3 10. gxf3 O-O-O 11. Nc3 f5 12. Bf4 h6 13. h4 Be7 14.
Bg3 g5 15. hxg5 hxg5 16. exf5 Nh6 17. Rad1 Nxf5 18. Kg2 Bf6 19. Rd3 Rh6 20.
Rh1 Rxh1 21. Kxh1 Be5 22. Kg2 Rf8 23. Bxe5 dxe5 24. Ne4 Nd4 25. b3 Ne2 26.
Kf1 Nf4 27. Rd6 Rh8 28. Ke1 Kc7 29. Rf6 Rh1+ 30. Kd2 Ra1 31. Nxg5 Rxa2+ 32.
Ke3 Re2# {White checkmated} 0-1

[Event "ICC Open 2015"]
[Site "Internet Chess Club"]
[Date "2015.05.29"]
[Round "10"]
[White "ural"]
[Black "dietcoke"]
[Result "1-0"]
[ICCResult "Black resigns"]
[WhiteElo "2505"]
[BlackElo "2222"]
[Opening "KGA: bishop's gambit, Maurian defense"]
[ECO "C33"]
[NIC "KG.03"]
[Time "15:52:10"]
[TimeControl "180+0"]

1. e4 e5 2. f4 exf4 3. Bc4 Nc6 4. Nf3 Nf6 5. Nc3 Nxe4 6. Qe2 f5 7. d3 d5 8.
Bxd5 Ne7 9. dxe4 fxe4 10. Bxe4 g6 11. Bxf4 Bg7 12. Rd1 Bd7 13. Bd5 Rf8 14.
Bg5 Rf5 15. O-O Bxc3 16. bxc3 {Black resigns} 1-0

[Event "ICC Open 2015"]
[Site "Internet Chess Club"]
[Date "2015.05.29"]
[Round "10"]
[White "motipen"]
[Black "Chessfreak"]
[Result "1-0"]
[ICCResult "Black resigns"]
[WhiteElo "1920"]
[BlackElo "1809"]
[Opening "Old Benoni defense"]
[ECO "A43"]
[NIC "OI.09"]
[Time "15:53:03"]
[TimeControl "180+0"]

1. d4 c5 2. d5 d6 3. e4 e5 4. Nc3 a6 5. a4 Ne7 6. Nf3 h6 7. Nd2 g6 8. Nc4
Bg7 9. a5 O-O 10. Nb6 Ra7 11. Bd3 f5 12. exf5 Bxf5 13. Bxf5 gxf5 14. O-O Nc8
15. Qh5 Nxb6 16. axb6 Qxb6 17. Bxh6 Qc7 18. Nb5 axb5 19. Rxa7 Bxh6 20. Qxh6
Na6 21. Qg6+ Kh8 22. Re1 Qb6 23. Re3 {Black resigns} 1-0

[Event "ICC Open 2015"]
[Site "Internet Chess Club"]
[Date "2015.05.29"]
[Round "10"]
[White "kobayashi"]
[Black "playwaycool"]
[Result "0-1"]
[ICCResult "White resigns"]
[WhiteElo "1983"]
[BlackElo "2290"]
[Opening "Two knights defense"]
[ECO "C59"]
[NIC "KP.01"]
[Time "15:52:06"]
[TimeControl "180+0"]

1. e4 e5 2. Nf3 Nc6 3. Bc4 Nf6 4. Ng5 d5 5. exd5 Na5 6. Bb5+ c6 7. dxc6 bxc6
8. Be2 h6 9. Nf3 e4 10. Ne5 Bd6 11. d4 exd3 12. Nxd3 Qc7 13. b3 O-O 14. Bb2
Re8 15. Bxf6 gxf6 16. h3 Be5 17. Nxe5 Qxe5 18. c3 Ba6 19. c4 Qxa1 20. O-O
Qxa2 21. Bd3 Qxb3 22. Qg4+ Kf8 23. Bh7 Qxc4 24. Qh5 Kg7 25. Nd2 Qe2 26. Qxa5
Kxh7 27. Qf5+ Kg7 28. Ra1 Qxd2 29. Rxa6 Qe1+ 30. Kh2 Qe5+ {White resigns}
0-1

[Event "ICC Open 2015"]
[Site "Internet Chess Club"]
[Date "2015.05.29"]
[Round "10"]
[White "Inmune"]
[Black "Kiborg95"]
[Result "1/2-1/2"]
[ICCResult "Game drawn by mutual agreement"]
[WhiteElo "3009"]
[BlackElo "2806"]
[Opening "Queen's Pawn"]
[ECO "A41"]
[NIC "QO.17"]
[Time "15:52:55"]
[TimeControl "180+0"]

1. d4 d6 2. Nf3 g6 3. Bf4 Bg7 4. e3 Nd7 5. h3 e5 6. Bh2 Nh6 7. Be2 O-O 8.
O-O f5 9. c4 g5 10. Nc3 g4 11. hxg4 fxg4 12. Nd2 exd4 13. exd4 Bxd4 14. Bxg4
Nxg4 15. Qxg4+ Bg7 16. Rae1 Kh8 17. Qh5 Nf6 18. Qh4 Bf5 19. Re3 Ng4 20. Qxd8
Raxd8 21. Rf3 Nxh2 22. Kxh2 Rde8 23. Rd1 Kg8 24. Kg1 Bc2 25. Rc1 Bg6 26.
Rxf8+ Kxf8 27. Nf3 a6 28. b3 Ke7 29. Nd5+ Kd7 30. Rd1 Bc2 31. Rd2 Be4 32.
Rd1 {Game drawn by mutual agreement} 1/2-1/2

[Event "ICC Open 2015"]
[Site "Internet Chess Club"]
[Date "2015.05.29"]
[Round "10"]
[White "Dictator"]
[Black "RiFlex01"]
[Result "1-0"]
[ICCResult "Black resigns"]
[WhiteElo "2606"]
[BlackElo "2239"]
[Opening "QGD: Tarrasch, von Hennig-Schara gambit"]
[ECO "D32"]
[NIC "TD.10"]
[Time "15:52:30"]
[TimeControl "180+0"]

1. d4 e6 2. c4 d5 3. Nc3 c5 4. cxd5 cxd4 5. Qxd4 Nc6 6. Qd1 exd5 7. Qxd5 Bd7
8. Nf3 Nf6 9. Qd1 Bc5 10. g3 Qe7 11. Bg2 O-O-O 12. O-O h6 13. b4 Bxb4 14.
Qc2 Kb8 15. Rb1 Ka8 16. Nb5 Rc8 17. Qb3 a6 18. Nbd4 Be6 19. Nxc6 {Black
resigns} 1-0

[Event "ICC Open 2015"]
[Site "Internet Chess Club"]
[Date "2015.05.29"]
[Round "10"]
[White "RedCard"]
[Black "jonesey"]
[Result "1-0"]
[ICCResult "Black forfeits on time"]
[WhiteElo "2194"]
[BlackElo "1927"]
[Opening "Benkö gambit"]
[ECO "A58"]
[NIC "BI.41"]
[Time "15:52:14"]
[TimeControl "180+0"]

1. d4 Nf6 2. c4 c5 3. d5 b5 4. cxb5 a6 5. bxa6 g6 6. Nc3 Bxa6 7. e4 Bxf1 8.
Kxf1 d6 9. g3 Nbd7 10. Kg2 Bg7 11. Nf3 O-O 12. Re1 Ra7 13. h3 Qa8 14. a4 Rb8
15. Qc2 Nb6 16. b3 c4 17. bxc4 Nxc4 18. Bg5 Rb2 19. Qd3 Rb4 20. Rab1 Rab7
21. Rxb4 Rxb4 22. Nd2 Ne5 23. Qc2 h6 24. Bxf6 Bxf6 25. Rb1 Qb7 26. Rxb4 Qxb4
27. Ne2 Kg7 28. Nf4 Nd7 29. Nd3 Qa5 30. Nc4 Qa7 31. a5 Nc5 32. Nxc5 Qxc5 33.
a6 Bd4 34. Qe2 f5 35. exf5 Qxd5+ 36. Kh2 {Black forfeits on time} 1-0

[Event "ICC Open 2015"]
[Site "Internet Chess Club"]
[Date "2015.05.29"]
[Round "10"]
[White "jefferyx"]
[Black "Nos"]
[Result "1-0"]
[ICCResult "Black resigns"]
[WhiteElo "2889"]
[BlackElo "2340"]
[Opening "Polish: Outflank variation"]
[ECO "A00"]
[NIC "VO.10"]
[Time "15:51:52"]
[TimeControl "180+0"]

1. b4 c6 2. Bb2 Qb6 3. a3 a5 4. e3 axb4 5. Bd4 Qd8 6. axb4 Rxa1 7. Bxa1 d5
8. f4 Bf5 9. Nf3 Nd7 10. Rg1 h6 11. Nc3 Ngf6 12. b5 e6 13. bxc6 bxc6 14. h3
Qa5 15. Nd4 Qb6 16. Nxf5 exf5 17. Qb1 Be7 18. g4 fxg4 19. hxg4 Qxb1+ 20.
Nxb1 g5 21. Bd3 gxf4 22. exf4 Rg8 23. Bf5 Bd6 24. Kf2 Bxf4 25. Kf3 Bd6 26.
Re1+ Kd8 27. Bd4 Re8 28. Rh1 Be5 29. Be3 Ng8 30. d4 Bg7 31. Nd2 Nb6 32. Rb1
Kc7 33. Bf4+ Kb7 34. Nb3 Nc4 35. Nc5+ Ka7 36. Bc7 Na5 37. Ra1 {Black
resigns} 1-0

[Event "ICC Open 2015"]
[Site "Internet Chess Club"]
[Date "2015.05.29"]
[Round "10"]
[White "krankenstein"]
[Black "Megadeth"]
[Result "0-1"]
[ICCResult "White resigns"]
[WhiteElo "1065"]
[BlackElo "1386"]
[Opening "Queen's pawn game"]
[ECO "D00"]
[NIC "QP.08"]
[Time "15:51:56"]
[TimeControl "180+0"]

1. d4 d5 2. h3 c6 3. Nf3 e6 4. a3 Nf6 5. Bf4 Bd6 6. Ne5 O-O 7. e3 Bc7 8. Bd3
Nbd7 9. O-O Nxe5 10. dxe5 Ne4 11. Nc3 Nxc3 12. bxc3 f6 13. exf6 Bxf4 14.
fxg7 Kxg7 15. exf4 Rxf4 16. Qh5 Qh4 17. Qe5+ Kf7 18. Rae1 Qf6 19. Qc7+ Kf8
20. Qxh7 Qf7 21. Qh6+ Ke7 22. f3 Kd6 23. Bg6 Qf6 24. g3 Rxf3 25. Rxf3 Qxf3
26. Kh2 Qf2+ 27. Kh1 Qxe1+ 28. Kh2 Qf2+ 29. Kh1 Bd7 30. Qf4+ Qxf4 31. gxf4
Rg8 32. Bf7 Rg7 33. Bh5 e5 34. fxe5+ Kxe5 35. Bg4 Bxg4 36. hxg4 Rxg4 37. Kh2
Kf4 38. Kh3 Kf3 {White resigns} 0-1

[Event "ICC Open 2015"]
[Site "Internet Chess Club"]
[Date "2015.05.29"]
[Round "10"]
[White "opportunity"]
[Black "Sjelan"]
[Result "1/2-1/2"]
[ICCResult "Game drawn by repetition"]
[WhiteElo "1946"]
[BlackElo "2205"]
[Opening "Caro-Kann: two knights variation"]
[ECO "B10"]
[NIC "CK.01"]
[Time "15:52:04"]
[TimeControl "180+0"]

1. e4 c6 2. Nf3 d5 3. Nc3 dxe4 4. Nxe4 Nf6 5. Nxf6+ exf6 6. d4 Bd6 7. Bc4
Qe7+ 8. Qe2 Qxe2+ 9. Bxe2 Be6 10. O-O Nd7 11. c3 O-O 12. Re1 c5 13. dxc5
Bxc5 14. Bf4 Rfd8 15. Rad1 Nb6 16. Rxd8+ Rxd8 17. Rd1 Rxd1+ 18. Bxd1 Bxa2
19. b4 Be7 20. Bb8 a6 21. Nd4 g6 22. Ba7 Nd5 23. Bf3 Nxc3 24. Bxb7 Bxb4 25.
Bxa6 Bd6 26. Nf3 Bd5 27. Bd4 Ne4 28. Bd3 Kg7 29. Ne1 Be5 30. Be3 Nd6 31. Nf3
Bxf3 32. gxf3 f5 33. Kg2 f4 34. Bc5 g5 35. Bxd6 Bxd6 36. h4 h6 37. Kh3 Kf6
38. Kg4 Bf8 39. hxg5+ hxg5 40. Bc4 Bc5 41. Bb3 Bxf2 42. Bc4 Bh4 43. Bb3 Bg3
44. Bc4 Bh4 45. Bb3 Be1 46. Bc4 Bd2 47. Bd3 Bc3 48. Be4 Bd4 49. Bd3 Bc5 50.
Be4 Be7 51. Bd3 Ke5 52. Be4 Bd8 53. Bd3 Be7 54. Be4 Bd8 55. Bd3 f5+ 56. Bxf5
Bf6 57. Be4 Kd4 58. Bf5 Ke3 59. Be4 Be7 60. Bf5 Kf2 61. Be4 Bd8 62. Bf5 Be7
63. Be4 Bd8 64. Bf5 Be7 65. Be4 Bd8 66. Bf5 Be7 67. Be4 Bd8
{Game drawn by repetition}
1/2-1/2

[Event "ICC Open 2015"]
[Site "Internet Chess Club"]
[Date "2015.05.29"]
[Round "10"]
[White "Valai"]
[Black "CapilanoBridge"]
[Result "0-1"]
[ICCResult "White resigns"]
[WhiteElo "2514"]
[BlackElo "3160"]
[Opening "Queen's pawn: English defense"]
[ECO "A40"]
[NIC "QO.17"]
[Time "15:52:38"]
[TimeControl "180+0"]

1. d4 b6 2. Nf3 Bb7 3. c4 e6 4. Nc3 Bb4 5. Bg5 Nf6 6. e3 h6 7. Bh4 g5 8. Bg3
Ne4 9. Qc2 h5 10. Bd3 f5 11. d5 Bxc3+ 12. bxc3 Nc5 13. Be5 O-O 14. h4 d6 15.
Bd4 g4 16. Bxc5 gxf3 17. Bd4 c5 18. dxc6 Nxc6 19. gxf3 Kf7 20. f4 Nxd4 21.
cxd4 Bxh1 22. O-O-O Qxh4 23. d5 exd5 24. Bxf5 Bf3 25. Bg6+ Ke7 26. Rg1 Qf6
27. c5 Rac8 28. c6 Qa1+ {White resigns} 0-1

[Event "ICC Open 2015"]
[Site "Internet Chess Club"]
[Date "2015.05.29"]
[Round "10"]
[White "TudoracheM"]
[Black "FlashGordon"]
[Result "1-0"]
[ICCResult "Black resigns"]
[WhiteElo "1822"]
[BlackElo "1294"]
[Opening "Sicilian: accelerated fianchetto, Maróczy bind"]
[ECO "B36"]
[NIC "SI.33"]
[Time "15:52:30"]
[TimeControl "180+0"]

1. e4 c5 2. Nf3 Nc6 3. d4 cxd4 4. Nxd4 g6 5. c4 Nf6 6. Nc3 d6 7. Nc2 Bg7 8.
Be2 a6 9. O-O O-O 10. Bd2 Be6 11. Rb1 b5 12. cxb5 axb5 13. Bxb5 Qb6 14. a4
Rfd8 15. Qe2 d5 16. exd5 Nxd5 17. Nxd5 Rxd5 18. Bc3 Bxc3 19. bxc3 Rad8 20.
Rbd1 Bg4 21. Qxg4 Rxd1 22. Rxd1 Rxd1+ 23. Qxd1 Kg7 24. Nd4 Nxd4 25. Qxd4+ f6
26. Qxb6 {Black resigns} 1-0

[Event "ICC Open 2015"]
[Site "Internet Chess Club"]
[Date "2015.05.29"]
[Round "10"]
[White "paulohaddad"]
[Black "eltigrecu"]
[Result "0-1"]
[ICCResult "White forfeits on time"]
[WhiteElo "1794"]
[BlackElo "2071"]
[Opening "Queen's bishop game"]
[ECO "D02"]
[NIC "QP.08"]
[Time "15:51:24"]
[TimeControl "180+0"]

1. d4 d5 2. Nf3 Nf6 3. Bf4 c6 4. e3 Bf5 5. Bd3 Bxd3 6. Qxd3 Nbd7 7. Nbd2 e6
8. Ne5 Nxe5 9. dxe5 Nh5 10. Bg3 Nxg3 11. hxg3 h6 12. Nf3 Be7 13. g4 Qa5+ 14.
c3 O-O-O 15. b4 Qc7 16. a4 f6 17. Nd4 Qd7 18. f4 fxe5 19. fxe5 Bg5 20. O-O-O
Rhf8 21. Rhf1 Qe7 22. Kd2 c5 23. Nb5 cxb4 24. Nd6+ Kb8 25. cxb4 Rxd6 26.
exd6 Qxd6 27. Rxf8+ Qxf8 28. Rc1 Qxb4+ 29. Qc3 Qxc3+ 30. Kxc3 Bxe3 31. Re1
d4+ 32. Kd3 Kc7 33. Rb1 b6 34. Rb5 a6 35. Rb2 Kc6 36. Rc2+ Kd5 37. Rc8 e5
38. Rd8+ Kc5 39. Re8 Bf4 40. Ke4 Kb4 41. Rb8 Ka5 42. Rg8 Kxa4 43. Rxg7 b5
44. Kd3 b4 45. Kc2 a5 46. Kb2 d3 47. Rd7 e4 48. Rd4 Be5 {White forfeits on
time} 0-1

[Event "ICC Open 2015"]
[Site "Internet Chess Club"]
[Date "2015.05.29"]
[Round "10"]
[White "BlueJ"]
[Black "Sc6"]
[Result "1-0"]
[ICCResult "Black resigns"]
[WhiteElo "2169"]
[BlackElo "1747"]
[Opening "King's Indian: Averbakh system"]
[ECO "E73"]
[NIC "KI.26"]
[Time "15:51:26"]
[TimeControl "180+0"]

1. d4 Nf6 2. c4 g6 3. Nc3 Bg7 4. e4 d6 5. Be2 O-O 6. Bg5 Nbd7 7. h4 e5 8. d5
h6 9. Be3 a5 10. h5 g5 11. g4 Nc5 12. f3 b6 13. Nh3 Ba6 14. Qd2 Nh7 15. Nf2
f6 16. O-O Rf7 17. Nh1 Nf8 18. Ng3 Bc8 19. b3 a4 20. Rab1 axb3 21. axb3 Bd7
22. b4 Na4 23. Nxa4 Rxa4 24. Bd1 Ra3 25. Bb3 Re7 26. Qb2 Qa8 27. Ra1 Rxa1
28. Rxa1 Qb7 29. Qa3 Re8 30. Qa7 Rb8 31. Qxb7 Rxb7 32. Ra8 Kf7 33. Kf2 Nh7
34. Ke2 Nf8 35. Kd3 Nh7 36. Kc2 Nf8 37. c5 bxc5 38. bxc5 dxc5 39. Bxc5 Bb5
40. Nf5 Bd7 41. Rd8 Bxf5 42. gxf5 Rxb3 43. Kxb3 {Black resigns} 1-0

[Event "ICC Open 2015"]
[Site "Internet Chess Club"]
[Date "2015.05.29"]
[Round "10"]
[White "Giantvin"]
[Black "Merula"]
[Result "0-1"]
[ICCResult "White forfeits on time"]
[WhiteElo "1957"]
[BlackElo "2237"]
[Opening "QGD Slav defense: exchange variation"]
[ECO "D10"]
[NIC "SL.01"]
[Time "15:51:27"]
[TimeControl "180+0"]

1. d4 d5 2. c4 c6 3. cxd5 cxd5 4. Bf4 Nc6 5. e3 Nf6 6. Nc3 a6 7. Bd3 e6 8.
Rc1 Bd6 9. Bxd6 Qxd6 10. f4 O-O 11. Nf3 g6 12. O-O b5 13. Ne5 Bb7 14. Rf3
Ne7 15. Rh3 Rac8 16. Ne2 Rxc1 17. Nxc1 Rc8 18. Nb3 Rc7 19. Nc5 Bc8 20. b4
Qb6 21. a3 a5 22. g4 Ra7 23. g5 Ne4 24. Bxe4 dxe4 25. Nxe4 Nd5 26. Qg4 Qc7
27. Nc5 f5 28. gxf6 Nxf6 29. Qg5 Qg7 30. Rf3 axb4 31. axb4 Re7 32. Rf1 h6
33. Qg3 Nd5 34. Ra1 Kh7 35. Qe1 g5 36. Qb1+ Kg8 37. Kf2 gxf4 38. exf4 Nxf4
39. Qg1 Qxg1+ 40. Rxg1+ Rg7 {White forfeits on time} 0-1

[Event "ICC Open 2015"]
[Site "Internet Chess Club"]
[Date "2015.05.29"]
[Round "10"]
[White "knightstar"]
[Black "jonpetur"]
[Result "1-0"]
[ICCResult "Black resigns"]
[WhiteElo "1805"]
[BlackElo "1494"]
[Opening "Vienna game"]
[ECO "C25"]
[NIC "VG.04"]
[Time "15:51:55"]
[TimeControl "180+0"]

1. e4 e5 2. Nc3 d6 3. g3 b6 4. Bg2 Bb7 5. Nge2 Nc6 6. O-O Qd7 7. d3 O-O-O 8.
Nd5 f6 9. c4 g5 10. b4 h5 11. h3 Nh6 12. Nxf6 Qe7 13. Nxh5 Nf7 14. g4 Kb8
15. Nhg3 Bc8 16. Nf5 Bxf5 17. exf5 Nd4 18. Nxd4 exd4 19. Re1 Qf6 20. Qf3 d5
21. cxd5 Nd6 22. a4 Bg7 23. b5 Qf7 24. a5 Nxb5 25. d6 c6 26. axb6 Qb7 27.
bxa7+ Nxa7 28. Bxg5 Rxd6 29. Bf4 Rd8 30. Reb1 Nb5 31. Qxc6 Qxc6 32. Bxc6 Kc8
33. Bxb5 Rd5 34. Ra8+ Kb7 35. Rxd8 Rxd8 36. Rc1 Kb6 37. Bc4 Bf8 38. Be6 Bb4
39. Rc4 Bc3 40. Be5 Ra8 41. Kg2 Ra1 42. Bg3 Be1 43. Kf3 Ra2 44. h4 Bxf2 45.
Bxf2 {Black resigns} 1-0

[Event "ICC Open 2015"]
[Site "Internet Chess Club"]
[Date "2015.05.29"]
[Round "10"]
[White "VolcanoExplorer"]
[Black "LittleDonkey"]
[Result "1/2-1/2"]
[ICCResult "Game drawn by mutual agreement"]
[WhiteElo "2020"]
[BlackElo "2307"]
[Opening "Giuoco Pianissimo"]
[ECO "C55"]
[NIC "IG.01"]
[Time "15:53:15"]
[TimeControl "180+0"]

1. e4 e5 2. Nf3 Nc6 3. Bc4 Nf6 4. d3 Bc5 5. c3 d6 6. O-O a6 7. Bb3 Ba7 8.
Nbd2 O-O 9. h3 h6 10. Re1 Nh5 11. Nf1 Qf6 12. Be3 Nf4 13. Bxf4 Qxf4 14. d4
exd4 15. cxd4 Kh8 16. Bd5 f5 17. Bxc6 bxc6 18. e5 dxe5 19. Nxe5 Rf6 20. Qh5
Qxd4 21. Nf7+ Rxf7 22. Qxf7 Qxf2+ 23. Kh2 Qg1+ 24. Kg3
{Game drawn by mutual agreement}
1/2-1/2

[Event "ICC Open 2015"]
[Site "Internet Chess Club"]
[Date "2015.05.29"]
[Round "10"]
[White "MBAStudent"]
[Black "NFork"]
[Result "1-0"]
[ICCResult "Black forfeits on time"]
[WhiteElo "1843"]
[BlackElo "2139"]
[Opening "Caro-Kann: classical, Spassky variation"]
[ECO "B18"]
[NIC "CK.12"]
[Time "15:51:24"]
[TimeControl "180+0"]

1. e4 c6 2. d4 d5 3. Nc3 dxe4 4. Nxe4 Bf5 5. Ng3 Bg6 6. Nf3 Nd7 7. h4 h6 8.
h5 Bh7 9. Bd3 Bxd3 10. Qxd3 Ngf6 11. c3 e6 12. Bf4 Qa5 13. Be5 O-O-O 14. Qe2
Ng4 15. Rh4 Ngxe5 16. Nxe5 Nxe5 17. Qxe5 Qxe5+ 18. dxe5 Be7 19. Rg4 Rd5 20.
f4 Rhd8 21. Rxg7 Rd2 22. Ne4 Rxb2 23. g3 Rh2 24. Rxf7 Ba3 25. Nf2 Bb2 26.
Rd1 Bxc3+ 27. Ke2 Rxf2+ 28. Kxf2 Rxd1 29. Rf6 Kd7 30. Rxh6 Bd4+ 31. Kg2 c5
32. Rh7+ Kc6 33. Re7 Kd5 34. h6 Rd2+ 35. Kh3 Ke4 36. h7 Bg1 37. Rxb7 Rh2+
38. Kg4 c4 39. Rc7 Kd3 40. f5 exf5+ 41. Kxf5 c3 42. e6 Bd4 43. g4 Rxh7 44.
Rxh7 c2 45. Rh1 Be3 46. e7 {Black forfeits on time} 1-0

[Event "ICC Open 2015"]
[Site "Internet Chess Club"]
[Date "2015.05.29"]
[Round "10"]
[White "Birdy69"]
[Black "chesstempo2"]
[Result "1-0"]
[ICCResult "Black checkmated"]
[WhiteElo "1788"]
[BlackElo "1959"]
[Opening "French: Tarrasch"]
[ECO "C03"]
[NIC "FR.14"]
[Time "15:51:22"]
[TimeControl "180+0"]

1. e4 e6 2. d4 d5 3. Nd2 Nd7 4. e5 c5 5. c3 Qb6 6. Ndf3 Ne7 7. Bd3 Nc6 8.
Ne2 Be7 9. O-O f6 10. exf6 Bxf6 11. Ng5 Nf8 12. dxc5 Qxc5 13. Ng3 Bd7 14.
Re1 O-O-O 15. Nf7 Ng6 16. Nxh8 Rxh8 17. Nh5 Nge5 18. Be3 Qd6 19. Bf4 Qe7 20.
Bb5 Ng6 21. Bg3 Qc5 22. Bxc6 bxc6 23. Nf4 Nxf4 24. Bxf4 Rf8 25. Bg3 g6 26.
Qa4 Qb6 27. Rab1 h5 28. Rec1 h4 29. Bd6 Rf7 30. c4 Bd4 31. c5 Bxf2+ 32. Kh1
Qb7 33. Qg4 Be3 34. Rf1 Rxf1+ 35. Rxf1 Qxb2 36. Rf8+ Kb7 37. Rb8+ Ka6 38.
Rxb2 d4 39. Qe2+ Ka5 40. Bc7+ Ka4 41. Qa6# {Black checkmated} 1-0

[Event "ICC Open 2015"]
[Site "Internet Chess Club"]
[Date "2015.05.29"]
[Round "10"]
[White "RaiseTheCurve"]
[Black "suilven"]
[Result "1-0"]
[ICCResult "Black resigns"]
[WhiteElo "1957"]
[BlackElo "1840"]
[Opening "Van't Kruijs opening"]
[ECO "A00"]
[Time "15:52:36"]
[TimeControl "180+0"]

1. e3 d5 2. b3 e5 3. Bb2 Nc6 4. Bb5 Bd6 5. f4 Qe7 6. Nf3 f6 7. fxe5 Bxe5 8.
Nxe5 fxe5 9. Bxc6+ bxc6 10. Qh5+ Kd8 11. Qxe5 Nf6 12. O-O Ba6 13. Qxe7+ Kxe7
14. Bxf6+ gxf6 15. Rf2 Rhg8 16. Nc3 Rg6 17. d3 Rag8 18. e4 Kd6 19. Raf1 dxe4
20. Nxe4+ Ke5 21. Nxf6 R8g7 22. Ne4 Bc8 23. Ng3 Be6 24. Re1+ Kd6 25. Rfe2
Bd5 26. Nf5+ {Black resigns} 1-0